 Dungeon Sprint DCSS version 0.30-a0-940-ge5077277c9 (webtiles) character file.

Game seed: 15769315848172121499

15747 Conn the Eclecticist (level 12, -10/66 HPs)
             Began as an Octopode Fire Elementalist on Mar 26, 2023.
             Was the Champion of Sif Muna.
             Mangled by a fire giant
             ... wielding a +2 great sword of flaming
              (35 damage)
             ... in the Dungeon (Sprint I: "Red Sonja").
             The game lasted 00:50:19 (3205 turns).

Conn the Eclecticist (Octopode Fire Elementalist)   Turns: 3205, Time: 00:50:19

Health: -10/66     AC:  7    Str:  7    XL:     12   Next: 30%
Magic:  17/44      EV: 13    Int: 25    God:    Sif Muna [******]
Gold:   210        SH:  8    Dex: 13    Spells: 5/47 levels left

rFire   + . .      SeeInvis .    f - staff of conjuration
rCold   x . .      Faith    .    k - +2 buckler {AC+3}
rNeg    . . .      Spirit   .    p - +3 hat of Pondering {ponderous, Will+ MP+10 Int+5}
rPois   +          Reflect  .    (no amulet)
rElec   .          Rampage  .    q - ring of poison resistance
rCorr   .          NoTele   +    (no ring)
Will    +....                    (no ring)
Stlth   +++                      (no ring)
HPRegen 0.00/turn                (no ring)
MPRegen 0.29/turn                (no ring)
                                 (no ring)
                                 (no ring)

@: inhibited regen, slow
A: almost no armour, amphibious, 8 rings, camouflage 1, gelatinous body 1,
(nimble swimmer 1), tentacles, dopey 1, fire resistance 1, inhibited
regeneration, cold vulnerability 1
a: Renounce Religion, Channel Magic, Forget Spell, Divine Exegesis


You were in the Dungeon.
You worshipped Sif Muna.
Sif Muna was exalted by your worship.
You visited 1 branch You collected 2717 gold pieces.
You spent 2507 gold pieces at shops.

Inventory:

Hand Weapons
 g - a +0 dagger
 h - a +2 scythe of protection
 j - a +0 flail
 l - a +0 long sword
 o - the +8 frozen axe "Frostbite" {freeze, freezing cloud, *Noise Fly rC+}
   (You found it in the Dungeon)

   rC:        It protects you from cold.
   Fly:       It grants you flight.
   *Noise:    It may make noises in combat.
 w - a +3 eudemon blade of holy wrath
Missiles
 c - 3 curare-tipped darts (quivered)
Armour
 k - a +2 buckler of protection (worn)
 p - the +3 hat of Pondering (worn) {ponderous, Will+ MP+10 Int+5}
   (You bought it in a shop in the Dungeon)

   Int:       It affects your intelligence (+5).
   MP:        It affects your magic capacity (+10).
   Will:      It increases your willpower.
Magical Staves
 f - a staff of conjuration (weapon)
Jewellery
 i - the ring "Hoaphay" {Wiz Will- rCorr Dex+2}
   (You bought it in a shop in the Dungeon)

   [ring of wizardry]

   It improves your spell success rate.
   Dex:       It affects your dexterity (+2).
   rCorr:     It protects you from acid and corrosion.
   Will:      It decreases your willpower.
 q - a ring of poison resistance (left tentacle)
Wands
 d - a wand of mindburst (12)
 m - a wand of charming (1)
 n - a wand of digging (1)
Scrolls
 s - a scroll of blinking
 v - a scroll of summoning
Potions
 a - 3 potions of magic
 b - 4 potions of curing
 e - a potion of attraction
 r - a potion of might
 t - a potion of heal wounds
 u - a potion of haste


   Skills:
 - Level 2.0 Dodging
 - Level 2.6 Stealth
 * Level 8.7 Shields
 - Level 18.4 Spellcasting
 * Level 14.2 Conjurations
 + Level 3.9 Translocations
 + Level 13.9 Fire Magic
 + Level 5.6 Earth Magic
 * Level 8.7 Invocations


You had 5 spell levels left.
You knew the following spells:

 Your Spells              Type           Power      Damage    Failure   Level
a - Foxfire               Conj/Fire      100%       2x1d9     0%          1
b - Orb of Destruction    Conj           48%        9d13      6%          7
c - Inner Flame           Hex/Fire       55%        N/A       1%          3
d - Flame Wave            Conj/Fire      96%        2d20      1%          4
e - Scorch                Fire           100%       2d10      0%          2
f - Iron Shot             Conj/Erth      41%        9d8       7%          6
g - Mephitic Cloud        Conj/Pois/Air  63%        N/A       1%          3
h - Starburst             Conj/Fire      48%        6d13      1%          6
i - Arcjolt               Conj/Air       36%        1d46      3%          5
j - Stone Arrow           Conj/Erth      100%       3d13      1%          3
k - Blink                 Tloc           84%        N/A       1%          2

Your spell library contained the following spells:

 Spells                   Type           Power      Damage    Failure   Level
 Magic Dart               Conj           100%       1d8       0%          1
 Searing Ray              Conj           100%       2d8       0%          2
 Apportation              Tloc           84%        N/A       1%          1
 Lesser Beckoning         Tloc           84%        N/A       1%          2
 Momentum Strike          Conj/Tloc      100%       3d10      1%          2
 Passwall                 Tmut/Erth      30%        N/A       1%          2
 Ignite Poison            Fire/Tmut/Pois 46%        N/A       1%          3
 Kindle Blastsparks       Fire/Tloc/Air  100%       2d18      1%          3
 Fulminant Prism          Conj/Hex       36%        3d17      1%          4
 Sting                    Tmut/Pois      92%        1d7       2%          1
 Vhi's Electric Charge    Tloc/Air       64%        N/A       3%          3
 Ice Form                 Ice/Tmut       23%        N/A       26%         4
 Alistair's Intoxication  Tmut/Pois      15%        N/A       56%         5
 Conjure Ball Lightning   Conj/Air       36%        3x3d12    21%         6
 Spellforged Servitor     Conj/Summ      36%        N/A       75%         7
 Statue Form              Tmut/Erth      24%        N/A       77%         6
 Storm Form               Tmut/Air       11%        N/A       100%        7
 Chain Lightning          Conj/Air       36%        3d48      100%        9
 Fire Storm               Conj/Fire      48%        8d12      100%        9


Dungeon Overview and Level Annotations

Branches:
Dungeon (1/1)

Altars:
Cheibriados
Dithmenos
Elyvilon
Fedhas
Gozag
Hepliaklqana
Kikubaaqudgha
Makhleb
Nemelex Xobeh
Okawaru
Qazlal
Ru
Sif Muna
Trog
Uskayaw
Vehumet
Wu Jian
Xom
Yredelemnul
Zin
The Shining One
Jiyva
Lugonu

Shops:
D ![::*[?(?![*[==((?[[*


Innate Abilities, Weirdness & Mutations

You cannot wear most types of armour.
You are amphibious.
You can wear up to eight rings at the same time.
Your skin changes colour to match your surroundings (Stealth+).
Your rubbery body absorbs attacks. (AC +1, EV +1)
((You are camouflaged when in or above water. (Stealth+)))
You have tentacles for arms and can constrict up to eight enemies at once.
You are dopey. (Int -2)
Your flesh is heat resistant. (rF+)
You do not regenerate when monsters are visible.
You are vulnerable to cold. (rC-)


Message History

Casting: Stone Arrow (safe; 1% risk of failure)
Confirm with . or Enter, or press ? or * to list all spells.
Aiming: Stone Arrow (safe; 1% risk of failure)
Press: ? - help, Shift-Dir - straight line, f/p - fire giant
Aim: a fire giant, wielding a +2 great sword of flaming (lightly wounded, 95% to hit)
You feel a surge of power!
The stone arrow hits the fire giant!!
The fire giant is moderately wounded.
The fire giant points at you and mumbles some strange words.
The bolt of fire hits you!! You resist.
* * * LOW HITPOINT WARNING * * *
Casting: Stone Arrow (safe; 1% risk of failure)
Confirm with . or Enter, or press ? or * to list all spells.
Aiming: Mephitic Cloud (safe; 1% risk of failure)
Press: ? - help, Shift-Dir - straight line, f/p - fire giant
Aim: a fire giant, wielding a +2 great sword of flaming (moderately wounded, chance to affect: 24%)
You feel a surge of power!
The ball explodes into a vile cloud!
The stinking cloud engulfs the fire giant but does no damage.
The fire giant is moderately wounded.
You hear a shout!
The fire giant is engulfed in noxious fumes.
Okay, then.
Unknown command.
Casting: Mephitic Cloud (safe; 1% risk of failure)
Confirm with . or Enter, or press ? or * to list all spells.
Okay, then.
You feel better.
The fire giant is engulfed in noxious fumes.
Casting: Mephitic Cloud (safe; 1% risk of failure)
Confirm with . or Enter, or press ? or * to list all spells.
Aiming: Mephitic Cloud (safe; 1% risk of failure)
Press: ? - help, Shift-Dir - straight line, f/p - fire giant
Aim: a fire giant, wielding a +2 great sword of flaming (moderately wounded, chance to affect: 24%)
You feel a surge of power!
The ball explodes into a vile cloud!
The stinking cloud engulfs the fire giant but does no damage.
The fire giant is moderately wounded.
The stinking cloud engulfs you but does no damage.
The fire giant is engulfed in noxious fumes.
The fire giant hits you with a +2 great sword of flaming!!
Ouch! That really hurt!
You die...

##§###.°○#
#..###.#
##.'.#.○.#
#.##...#
.###.#°°##
#..#'###
(∩##.#..#
##...#
####.##+#
###.#
§.##.##.#
#.#
...§.####
#.# ####.#
####'#
...#.#
#@...#
§.#'§#
#☼C§####
.~####
...☼§###
~~# ..####
~## ## ###
∩∩# ∩##


You could see a fire giant.

Vanquished Creatures
  A daeva (D)
  A fire giant (D)
  A hydra (D)
  A centaur warrior (D)
  Sonja (D)
  A deep troll (D)
  A lindwurm (D)
  An oklob plant (D)
  8 shining eyes (D)
  3 demonic crawlers (D)
  A gargoyle (D)
  2 kobold demonologists (D)
  7 unseen horrors (D)
  A hornet (D)
  A slime creature (D)
  Sigmund (D)
  A yak (D)
  13 hogs (D)
  2 redbacks (D)
  7 floating eyes (D)
  An ogre (D)
  7 necrophages (D)
  8 jellies (D)
  Ijyb (D)
72 creatures vanquished.

Vanquished Creatures (others)
  A centaur warrior (D)
  A demonic crawler (D)
  2 ballistomycete spores (D)
  36 foxfires (D)
40 creatures vanquished.

Grand Total: 112 creatures vanquished

Notes
Turn   | Place    | Note
-------+----------+-------------------------------------------
     0 | D        | Conn the Octopode Fire Elementalist began the quest for the
                  | Orb.
     0 | D        | Reached XP level 1. HP: 11/11 MP: 3/3
     3 | D        | Noticed Ijyb
    13 | D        | Killed Ijyb
    14 | D        | Reached skill level 4 in Spellcasting
    14 | D        | Reached XP level 2. HP: 17/17 MP: 3/7
    14 | D        | Reached XP level 3. HP: 21/21 MP: 3/9
    74 | D        | Learned a level 2 spell: Scorch
    78 | D        | Learned a level 3 spell: Inner Flame
    78 | D        | Noticed an ogre
    84 | D        | Killed an ogre
    85 | D        | Reached skill level 7 in Spellcasting
    85 | D        | Reached skill level 5 in Conjurations
    85 | D        | Reached XP level 4. HP: 13/27 MP: 0/13
   183 | D        | Noticed Sigmund
   187 | D        | Killed Sigmund
   188 | D        | Reached skill level 9 in Spellcasting
   188 | D        | Reached XP level 5. HP: 13/31 MP: 4/17
   188 | D        | Reached XP level 6. HP: 15/36 MP: 4/18
   285 | D        | Found an ornate altar of the Wu Jian Council.
   285 | D        | Found a shimmering blue altar of Sif Muna.
   292 | D        | Reached skill level 10 in Spellcasting
   293 | D        | Found a radiant altar of Vehumet.
   339 | D        | Found Guokhlof's Book Emporium.
   339 | D        | Found an ancient bone altar of Kikubaaqudgha.
   339 | D        | Found a hazy altar of Hepliaklqana.
   339 | D        | Found a stormy altar of Qazlal.
   339 | D        | Found a hide-covered altar of Uskayaw.
   339 | D        | Found a blossoming altar of Fedhas.
   339 | D        | Found a bloodstained altar of Trog.
   339 | D        | Found an iron altar of Okawaru.
   339 | D        | Found a basalt altar of Yredelemnul.
   339 | D        | Found a glowing golden altar of the Shining One.
   339 | D        | Found a snail-covered altar of Cheibriados.
   339 | D        | Found a sacrificial altar of Ru.
   339 | D        | Found a glowing silver altar of Zin.
   339 | D        | Found a shadowy altar of Dithmenos.
   339 | D        | Found a white marble altar of Elyvilon.
   339 | D        | Noticed a yak
   348 | D        | Killed a yak
   349 | D        | Reached skill level 11 in Spellcasting
   349 | D        | Found an opulent altar of Gozag.
   350 | D        | Found a sparkling altar of Nemelex Xobeh.
   364 | D        | Became a worshipper of Sif Muna the Loreminder
   433 | D        | Noticed Sonja
   436 | D        | Killed Sonja
   437 | D        | Reached skill level 13 in Spellcasting
   437 | D        | Reached XP level 7. HP: 41/41 MP: 13/24
   437 | D        | Reached XP level 8. HP: 46/46 MP: 13/25
   558 | D        | Found Gaeshin's Distillery.
   566 | D        | Bought a potion of lignification for 39 gold pieces
   583 | D        | Learned a level 4 spell: Flame Wave
   583 | D        | Noticed a deep troll
   601 | D        | Killed a deep troll
   602 | D        | Reached skill level 15 in Spellcasting
   688 | D        | Found Opnoasam's Armour Emporium.
   692 | D        | Bought a +2 buckler of protection for 301 gold pieces
   723 | D        | Noticed a centaur warrior
   726 | D        | Noticed a centaur warrior
   736 | D        | Killed a centaur warrior
   736 | D        | Reached * piety under Sif Muna
   737 | D        | Reached skill level 5 in Fire Magic
   737 | D        | Reached XP level 9. HP: 51/51 MP: 15/28
   795 | D        | Noticed a hornet
   802 | D        | Killed a hornet
   803 | D        | Reached skill level 10 in Conjurations
   858 | D        | Noticed an oklob plant
   862 | D        | Killed an oklob plant
   863 | D        | Reached skill level 16 in Spellcasting
   908 | D        | Reached ** piety under Sif Muna
  1033 | D        | Killed an unseen horror
  1040 | D        | Killed an unseen horror
  1041 | D        | Reached skill level 5 in Invocations
  1041 | D        | Reached XP level 10. HP: 46/56 MP: 12/30
  1123 | D        | Reached *** piety under Sif Muna
  1126 | D        | Reached **** piety under Sif Muna
  1129 | D        | Reached skill level 1 in Shields
  1129 | D        | Reached skill level 17 in Spellcasting
  1132 | D        | Reached ***** piety under Sif Muna
  1132 | D        | Received a gift from Sif Muna
  1134 | D        | Paralysed by a floating eye for 3 turns
  1142 | D        | Got Sif Muna's Essays on Force {god gift}
  1145 | D        | Found the +8 frozen axe "Frostbite" {freeze, freezing
                  | cloud, *Noise Fly rC+}
  1271 | D        | Found Cuho's Weapon Shoppe.
  1271 | D        | Found Tiulledd's Magic Scroll Shop.
  1271 | D        | Found Puwoxuw's Magic Scroll Boutique.
  1273 | D        | Found Seezemn's Distillery.
  1273 | D        | Found Zaguzer's Armour Shop.
  1273 | D        | Found Noubuc's General Store.
  1273 | D        | Found Joomuvej's Antique Armour Boutique.
  1273 | D        | Found Sipaubo's Jewellery Emporium.
  1273 | D        | Found Zinuets's Jewellery Shop.
  1273 | D        | Found Yhyotiri's Weapon Shoppe.
  1277 | D        | Found Zautweyrr's Weapon Boutique.
  1278 | D        | Found Bobel's Armour Emporium.
  1278 | D        | Found Tuorenal's Magic Scroll Boutique.
  1279 | D        | Found Filivapt's General Store.
  1287 | D        | Bought a scroll of acquirement for 572 gold pieces
  1288 | D        | Acquired 281 gold pieces
  1292 | D        | Bought the +3 hat of Pondering {ponderous, Will+ MP+10
                  | Int+5} for 533 gold pieces
  1292 | D        | Found the +3 hat of Pondering {ponderous, Will+ MP+10
                  | Int+5}
  1306 | D        | Learned a level 7 spell: Orb of Destruction
  1313 | D        | Learned a level 6 spell: Iron Shot
  1397 | D        | Found a burning altar of Makhleb.
  1397 | D        | Found a viscous altar of Jiyva.
  1397 | D        | Found a shimmering altar of Xom.
  1397 | D        | Found a corrupted altar of Lugonu.
  1514 | D        | Bought a ring of poison resistance for 220 gold pieces
  1562 | D        | Gained mutation: You occasionally lose the ability to drink
                  | potions when taking damage. [potion of mutation]
  1562 | D        | Gained mutation: You occasionally shout uncontrollably at
                  | your foes. [potion of mutation]
  1562 | D        | Gained mutation: Your body sometimes deteriorates upon
                  | taking damage. [potion of mutation]
  1563 | D        | Lost mutation: You occasionally shout uncontrollably at
                  | your foes. [potion of mutation]
  1563 | D        | Lost mutation: You occasionally lose the ability to drink
                  | potions when taking damage. [potion of mutation]
  1563 | D        | Lost mutation: Your body sometimes deteriorates upon taking
                  | damage. [potion of mutation]
  1563 | D        | Gained mutation: Your flesh is heat resistant. (rF+)
                  | [potion of mutation]
  1563 | D        | Gained mutation: You are dopey. (Int -2) [potion of
                  | mutation]
  1567 | D        | Noticed a kobold demonologist
  1570 | D        | Killed a kobold demonologist
  1571 | D        | Reached skill level 1 in Earth Magic
  1571 | D        | Noticed a kobold demonologist
  1572 | D        | Killed a kobold demonologist
  1654 | D        | Noticed a shining eye
  1654 | D        | Noticed a shining eye
  1654 | D        | Noticed a shining eye
  1664 | D        | Received a gift from Sif Muna
  1666 | D        | Noticed a shining eye
  1668 | D        | Noticed a shining eye
  1669 | D        | Killed a shining eye
  1669 | D        | Noticed a shining eye
  1670 | D        | Killed a shining eye
  1670 | D        | Killed a shining eye
  1670 | D        | Killed a shining eye
  1670 | D        | Gained mutation: You are vulnerable to cold. (rC-) [a
                  | shining eye]
  1671 | D        | Reached skill level 18 in Spellcasting
  1671 | D        | Reached skill level 10 in Fire Magic
  1671 | D        | Reached XP level 11. HP: 61/61 MP: 24/33
  1671 | D        | Noticed a shining eye
  1673 | D        | Killed a shining eye
  1674 | D        | Noticed a shining eye
  1675 | D        | Killed a shining eye
  1675 | D        | Killed a shining eye
  1676 | D        | Reached skill level 5 in Shields
  1676 | D        | Reached skill level 5 in Earth Magic
  1676 | D        | Gained mutation: You do not regenerate when monsters are
                  | visible. [a shining eye]
  1678 | D        | Killed a shining eye
  1692 | D        | Got Sif Muna's Thoughts on the Violent Bane {god gift}
  1697 | D        | Learned a level 3 spell: Mephitic Cloud
  1706 | D        | Learned a level 6 spell: Starburst
  1712 | D        | Learned a level 5 spell: Arcjolt
  1716 | D        | Learned a level 3 spell: Stone Arrow
  1733 | D        | Found Upnunn's General Store.
  1733 | D        | Found Sisoerho's Armour Shoppe.
  1733 | D        | Found Faibuces's Antique Armour Boutique.
  1733 | D        | Found Disiazeb's Book Emporium.
  1823 | D        | HP: 1/61 [demonic crawler (7)]
  2130 | D        | Received a gift from Sif Muna
  2147 | D        | Learned a level 2 spell: Blink
  2330 | D        | Noticed a lindwurm
  2334 | D        | Killed a lindwurm
  2335 | D        | Reached skill level 1 in Translocations
  2391 | D        | Reached ****** piety under Sif Muna
  2394 | D        | Received a gift from Sif Muna
  2401 | D        | Received a gift from Sif Muna
  2405 | D        | Got Sif Muna's Secrets of Liminal Forms {god gift}
  2405 | D        | Got Sif Muna's Cyclopedia of the Sun and Vicissitude {god
                  | gift}
  2486 | D        | Noticed a 12-headed hydra
  2494 | D        | Killed a 12-headed hydra
  2730 | D        | Bought the ring "Hoaphay" {Wiz Will- rCorr Dex+2} for 468
                  | gold pieces
  2738 | D        | Bought a scroll of blinking for 105 gold pieces
  2740 | D        | Bought a potion of heal wounds for 55 gold pieces
  2740 | D        | Bought a potion of haste for 110 gold pieces
  2750 | D        | Bought a scroll of summoning for 104 gold pieces
  2807 | D        | Noticed a daeva
  2825 | D        | Killed a daeva
  2826 | D        | Reached XP level 12. HP: 27/66 MP: 13/34
  3173 | D        | Identified the +3 leather armour of Proximity {Dex+5}
  3193 | D        | Noticed a fire giant
  3195 | D        | Noticed a fire giant
  3200 | D        | Killed a fire giant
  3200 | D        | Received a gift from Sif Muna
  3205 | D        | Mangled by a fire giant

Illustrated notes

Levels and vault maps discovered:
D:        dungeon_sprint_1 [red_sonja_temple_1, red_sonja_temple_small_1]

Skill      XL: |  1  2  3  4  5  6  7  8  9 10 11 12 |
---------------+-------------------------------------+-----
Spellcasting   | 4 7 9 13 15 16 18 | 18.4
Conjurations   | 3 5 6 8 9 10 11 13 14 | 14.2
Fire Magic     | 5 7 10 13 | 13.9
Invocations    | 2 5 6 8 |  8.7
Shields        | 4 8 |  8.7
Earth Magic    | 4 5 |  5.6
Translocations | 3 |  3.9
Dodging        | |  2.0
Stealth        | |  2.6

Action                     |  1- 3 |  4- 6 |  7- 9 | 10-12 || total
---------------------------+-------+-------+-------+-------++-------
  Melee: Unarmed           |     5 |       |       |       ||     5
         Tentacles         |     2 |       |       |       ||     2
         Constrict         |     1 |       |       |       ||     1
         Halberd           |       |     1 |       |       ||     1
  Throw: Dart              |       |       |     3 |       ||     3
   Cast: Scorch            |     3 |    15 |    14 |    27 ||    59
         Inner Flame       |     1 |     2 |     3 |    12 ||    18
         Foxfire           |       |     3 |     6 |    20 ||    29
         Flame Wave        |       |       |     5 |    11 ||    16
         Starburst         |       |       |       |    10 ||    10
         Mephitic Cloud    |       |       |       |     5 ||     5
         Iron Shot         |       |       |       |     3 ||     3
         Stone Arrow       |       |       |       |     6 ||     6
         Blink             |       |       |       |     1 ||     1
         Arcjolt           |       |       |       |     1 ||     1
  Evoke: Wand              |     1 |       |     2 |     4 ||     7
    Use: Potion            |     2 |     1 |     2 |     4 ||     9
         Scroll            |       |       |     1 |     4 ||     5
   Stab: Sleeping          |       |     1 |       |       ||     1
 Armour: Skin              |       |     1 |     3 |     8 ||    12
  Dodge: Dodged            |     2 |     3 |     3 |    19 ||    27
  Block: Buckler           |       |       |     2 |     7 ||     9

Table legend: (Time is in decaauts)
 A = Elapsed time spent in this place.
 B = Non-inter-level travel time spent in this place.
 C = Inter-level travel time spent in this place.
 D = Time resting spent in this place.
 E = Time spent auto-exploring this place.
 F = Levels seen in this place.
 G = Mean time per level.
                   A        B        C        D        E       F      G
               +--------+--------+--------+--------+--------+-----+--------+
         Total |   3269 |   3192 |     77 |   1718 |      0 |   1 | 3269.0 |
       Dungeon |   3269 |   3192 |     77 |   1718 |      0 |   1 | 3269.0 |
               +--------+--------+--------+--------+--------+-----+--------+

Top non-repeatable levels by time:
       D: 3269 daAuts
